AoeStats
← Cbobs

Nomad

510036276Analyzed
3v3 RM · 4d ago on Sep 29, 2026· 49m 51s· 6 players
Game mode
Random Map
Map size
210×210
Population
200
Speed
Normal
Resources
Standard
Victory
Conquest
Starting age
Dark Age
Ending age
Imperial Age
RankedLock teamsTeams togetherTeam positionsShared explorationLock speedFull tech treeHidden civsTurbo modeCheats
Victory
Defeat
🇨🇭 Saxons · Switzerland
1141
+14
🇦🇺 Vikings · Australia
1076
+17
🇲🇽 Malay · Mexico
1060
+18
🇺🇸 Saxons · United States
1144
-18
🇺🇸 Varangians · United States
1100
-16
🇺🇸 Saracens · United States
1059
-15
Trad Dad
6:59 Loom
16:11 Feudal Age
16:59 Double-Bit Axe
18:49 Fishing Lines
23:16 Castle Age
22:03 Fletching
23:08 Horse Collar
24:11 Medium Warships
25:05 Bow Saw
26:01 Padded Archer Armor
25:59 Bodkin Arrow
26:39 Gold Mining
26:39 Stone Mining
27:32 Elite Skirmisher
28:23 Padded Archer Armor
32:39 Heavy Plow
32:25 Crossbowman
34:05 Thumb Ring
36:30 Wheelbarrow
40:12 Imperial Age
38:32 Ballistics
38:24 Masonry
41:53 Chemistry
42:04 Two-Man Saw
41:34 Murder Holes
44:34 Gold Shaft Mining
47:55 Hand Cart
47:26 Town Watch
48:08 Leather Archer Armor
Trobo510
6:00 Loom
15:00 Feudal Age
19:14 Castle Age
17:02 Double-Bit Axe
24:22 Bow Saw
25:13 Scale Mail Armor
25:27 Forging
26:07 Town Watch
26:58 Wheelbarrow
27:59 Chain Mail Armor
27:48 Horse Collar
29:15 Stone Mining
29:17 Gold Mining
29:19 Stone Mining
35:22 Imperial Age
35:51 Man-at-Arms
36:17 Gambesons
37:10 Conscription
36:52 Fletching
37:39 Iron Casting
36:53 Long Swordsman
37:41 Murder Holes
38:09 Two-Handed Swordsman
40:51 Ballistics
41:50 Gold Shaft Mining
42:15 Plate Mail Armor
43:59 Hand Cart
43:44 Town Patrol
44:40 Squires
44:26 Arson
45:32 Shield Wall
46:45 Champion
Cbobs
16:02 Feudal Age
17:35 Fishing Lines
20:51 Castle Age
20:23 Bloodlines
20:26 Forging
20:22 Scale Barding Armor
22:02 Gillnets
25:12 Double-Bit Axe
27:20 Bow Saw
29:13 Gold Mining
29:13 Stone Mining
36:36 Imperial Age
34:48 Chain Barding Armor
38:23 Plate Barding Armor
37:42 Cavalier
39:43 Iron Casting
41:44 Blast Furnace
43:20 Vendel Legacy
Oswaldo.rdz
10:09 Loom
13:44 Feudal Age
13:45 Town Watch
13:50 Double-Bit Axe
18:12 Castle Age
16:28 Gold Mining
18:27 Wheelbarrow
18:06 Bow Saw
18:00 Fishing Lines
18:36 Fletching
18:56 Gillnets
20:16 Bodkin Arrow
22:26 Crossbowman
24:15 Padded Archer Armor
28:49 Heated Shot
29:52 Medium Warships
31:08 Thumb Ring
31:34 Careening
33:50 Ballistics
37:53 Leather Archer Armor
42:14 Imperial Age
41:02 Arbalester
44:12 Chemistry
44:47 Bracer
45:18 Ring Archer Armor
47:48 Conscription
48:19 Forging
49:46 Iron Casting
Dyragor
15:43 Feudal Age
16:35 Loom
16:38 Fishing Lines
16:49 Double-Bit Axe
20:00 Castle Age
17:59 Horse Collar
19:20 Gold Mining
19:30 Stone Mining
20:34 Scale Mail Armor
20:44 Forging
21:14 Bow Saw
21:31 Gillnets
23:26 Chain Mail Armor
23:47 Iron Casting
23:43 Heavy Plow
24:38 Wheelbarrow
25:00 Town Watch
25:52 Squires
25:37 Arson
27:12 Gold Shaft Mining
27:20 Hand Cart
31:19 Imperial Age
30:00 Fletching
34:15 Plate Mail Armor
34:56 Crop Rotation
34:19 Elite Varangian Guard
37:56 Conscription
38:31 Shield Wall
43:17 Man-at-Arms
43:42 Gambesons
47:39 Long Swordsman
48:21 Bodkin Arrow
48:49 Two-Handed Swordsman
49:45 Champion
Angusjack
15:38 Feudal Age
20:13 Loom
23:41 Castle Age
22:26 Double-Bit Axe
26:47 Castle Age
37:13 Horse Collar
37:22 Town Watch
37:53 Bow Saw
41:39 Imperial Age
39:36 Squires
39:22 Arson
41:32 Heavy Plow
41:57 Forging
41:47 Scale Mail Armor
41:38 Fletching
41:14 Pikeman
42:00 Gold Mining
42:01 Stone Mining
42:18 Padded Archer Armor
42:22 Elite Varangian Guard
43:34 Capped Ram
43:54 Elite Skirmisher
46:13 Two-Man Saw
45:50 Crop Rotation
46:00 Iron Casting
45:59 Chain Mail Armor
46:48 Chieftains
47:12 Conscription
48:40 Blast Furnace
48:30 Plate Mail Armor
48:39 Bodkin Arrow
48:35 Crossbowman
49:37 Bogsveigar
49:43 Arbalester
50:44 Leather Archer Armor
Connection lost

Rejoining the realm…

Still unreachable

The connection could not be restored.

Session expired

The server has moved on; the page needs a fresh start.